 Dungeon Crawl Stone Soup version 0.19.0-11-g3fc08b3 (webtiles) character file.

842 MTVSty1e the Skirmisher (level 8, 0/64 HPs)
             Began as a Formicid Fighter on Nov 8, 2016.
             Slain by an orc warrior
             ... wielding a +0 trident
              (14 damage)
             ... on level 6 of the Dungeon.
             The game lasted 00:12:25 (4822 turns).

MTVSty1e the Skirmisher (Formicid Fighter)          Turns: 4822, Time: 00:12:25

Health: 0/64       AC:  7    Str: 31    XL:     8   Next: 20%
Magic:  8/8        EV: 10    Int:  8    God:
Gold:   283        SH: 11    Dex: 10    Spells: 0 memorised, 7 levels left

rFire  . . .     SeeInvis +     a - +1 quarterstaff
rCold  . . .     Gourm    .     b - +0 scale mail
rNeg   . . .     Faith    .     c - +0 shield
rPois  .         Spirit   .     (helmet unavailable)
rElec  .         Reflect  .     (no cloak)
rCorr  .         Harm     .     (no gloves)
MR     +....                    (no boots)
Stlth  ..........               (no amulet)
                                y - +3 ring of strength
                                g - ring of protection from magic

@: mighty
A: permanent stasis, dig shafts and tunnels, four strong arms, antennae 3
a: Dig, Shaft Self


You were on level 6 of the Dungeon.
You were not hungry.

You visited 2 branches of the dungeon, and saw 7 of its levels.

You collected 283 gold pieces.

Inventory:

Hand Weapons
 a - a +1 quarterstaff (weapon)
Armour
 b - a +0 scale mail (worn)
 c - a +0 shield (worn)
Jewellery
 e - a +2 ring of strength
 g - a ring of protection from magic (left hand)
 u - an uncursed ring of resist corrosion
 y - a +3 ring of strength (right hand)
Wands
 p - a wand of paralysis (12/24)
Scrolls
 k - 7 scrolls of identify
 l - 3 scrolls of remove curse
 m - 3 scrolls of teleportation
 o - 2 scrolls of amnesia
 q - a scroll of blinking
 v - 2 scrolls of recharging
 x - a scroll of noise {unknown}
Potions
 f - a potion of lignification {unknown}
 h - a potion of might
 n - a potion of mutation {unknown}
 r - a potion of degeneration {unknown}
 t - a potion of agility {unknown}
 z - a potion of flight {unknown}
Comestibles
 d - 3 bread rations
 j - 3 royal jellies
 s - 3 slices of pizza
 w - 2 fruits


   Skills:
 * Level 6.2 Fighting
 + Level 3.9 Staves
 + Level 4.8 Armour
 + Level 3.1 Dodging
 + Level 5.9 Shields


You had 7 spell levels left.
You didn't know any spells.

Dungeon Overview and Level Annotations

Branches:
Dungeon (6/15)             Temple (1/1) D:5

Altars:
Fedhas
Gozag
Kikubaaqudgha
Makhleb
Nemelex Xobeh
Okawaru
Qazlal
Sif Muna
Trog
Uskayaw
Vehumet
Yredelemnul
Zin


Innate Abilities, Weirdness & Mutations

You are under a permanent stasis effect.
You can dig through walls and to a lower floor.
Your four strong arms can wield two-handed weapons with a shield.
You have a pair of large antennae on your head. (SInv)


Message History

You block the orc's attack.
The orc warrior hits you from afar with a trident!
You block the orc's attack.
You sock the orc!
You kill the orc!
The orc barely misses you.
The orc warrior hits you from afar with a trident!
* * * LOW HITPOINT WARNING * * *
You are too injured to fight recklessly!
You are too injured to fight recklessly!
You are too injured to fight recklessly!
You are too injured to fight recklessly!
You are too injured to fight recklessly!
You are too injured to fight recklessly!
You are too injured to fight recklessly!
You hit the orc.
The orc is heavily wounded.
The orc hits you but does no damage.
The orc warrior hits you from afar with a trident!
You die...

/.# ..## #..# #..##
#...# ### #.#.# #..
##########.#.###### #.#
...(......).......####.#
#....†@...#.####......#
#....o....#........#...
#...o.....##.......#...
#.........##.........##
#.........##..[....###
############.......#
#.......# #.......#
#.......#


You could see an orc warrior and an orc.

Vanquished Creatures
  2 phantoms
  A sky beast (D:6)
  A scorpion (D:4)
  A bullfrog zombie (D:5)
  2 hounds (D:5)
  An orc priest (D:3)
  2 centaur skeletons
  A bullfrog skeleton (D:5)
  2 iguanas
  3 orc wizards
  2 worker ants
  A worker ant zombie (D:5)
  An adder (D:4)
  An adder zombie (D:4)
  4 worms
  3 leopard geckos
  18 orcs
  10 bats
  5 giant cockroaches
  15 goblins
  3 hobgoblins
  4 quokkas
  3 ball pythons
  7 frilled lizards
  7 kobolds
  A leopard gecko zombie (D:5)
  A quokka skeleton (D:5)
  2 rats
104 creatures vanquished.

Notes
Turn   | Place    | Note
-------+----------+-------------------------------------------
     0 | D:1      | MTVSty1e the Formicid Fighter began the quest for the Orb.
     0 | D:1      | Reached XP level 1. HP: 18/18 MP: 1/1
   229 | D:1      | Reached XP level 2. HP: 23/24 MP: 2/2
   961 | D:2      | Reached XP level 3. HP: 28/29 MP: 3/3
  1359 | D:2      | Reached skill level 1 in Dodging
  1650 | D:3      | Found a blossoming altar of Fedhas.
  1754 | D:3      | Reached XP level 4. HP: 34/37 MP: 4/4
  1774 | D:3      | Reached skill level 4 in Fighting
  1916 | D:3      | Reached XP level 5. HP: 30/42 MP: 5/5
  2766 | D:4      | Found a bloodstained altar of Trog.
  3179 | D:4      | Reached XP level 6. HP: 40/49 MP: 6/6
  3474 | D:4      | Noticed a phantom
  3512 | D:4      | Killed a phantom
  3512 | D:4      | Reached skill level 5 in Fighting
  3512 | D:4      | Reached skill level 5 in Shields
  3792 | D:4      | Reached XP level 7. HP: 46/56 MP: 7/7
  3925 | D:5      | Entered Level 5 of the Dungeon
  4374 | D:5      | Found a deep blue altar of Sif Muna.
  4451 | D:5      | Found a staircase to the Ecumenical Temple.
  4510 | Temple   | Entered the Ecumenical Temple
  4794 | D:6      | Reached XP level 8. HP: 64/64 MP: 8/8
  4808 | D:6      | Reached skill level 6 in Fighting
  4822 | D:6      | Slain by an orc warrior

Skill      XL: |  1  2  3  4  5  6  7  8 |
---------------+-------------------------+-----
Shields        | 4 5 |  5.9
Dodging        | 1 2 3 |  3.1
Fighting       | 4 5 6 |  6.2
Armour         | 4 |  4.8
Staves         | 3 |  3.9

Action                   |  1- 3 |  4- 6 |  7- 9 || total
-------------------------+-------+-------+-------++-------
Melee: Quarterstaff      |   108 |   178 |    98 ||   384
  Use: Scroll            |     3 |       |     6 ||     9
       Potion            |     2 |     1 |     3 ||     6
 Stab: Distracted        |       |     1 |       ||     1
  Eat: Bread ration      |     1 |       |       ||     1
       Meat ration       |       |     1 |     1 ||     2
Armor: Scale mail        |    47 |    60 |    38 ||   145
Dodge: Dodged            |    41 |    78 |    42 ||   161
Block: Shield            |    56 |   129 |    76 ||   261
